 Dungeon Sprint DCSS version 0.17-a0-1337-ge651487 (webtiles) character file.

3493 Kidiri the Unseen (level 9, -19/39 HPs)
             Began as a Spriggan Enchanter on June 10, 2015.
             Was a Believer of Dithmenos.
             Killed by an exploding giant spore (29 damage)
             ... in the Dungeon (Sprint I: "Red Sonja").
             The game lasted 00:03:43 (623 turns).

Kidiri the Unseen (Spriggan Enchanter)               Turns: 623, Time: 00:03:43

Health: -19/39     AC:  3    Str:  4    XL:     9   Next: 80%
Magic:  26/26      EV: 31    Int: 18    God:    Dithmenos [**....]
Gold:   417        SH:  0    Dex: 18    Spells: 5 memorised, 20 levels left

rFire  . . .     SeeInvis +     u - +0 shortbow
rCold  . . .     Clarity  +     l - +1 robe {Archmagi}
rNeg   . . .     SustAt   +     (shield restricted)
rPois  .         Gourm    .     (helmet restricted)
rElec  .         Spirit   .     (no cloak)
rCorr  .         Warding  .     (gloves unavailable)
rMut   .         NoTele   +     (boots unavailable)
MR     +....                    n - amulet of clarity
Stlth  +++++++++.               (no ring)
                                m - ring of sustain attributes

@: wreathed by umbra, very quick, somewhat resistant to hostile enchantments,
incredibly stealthy
A: unfitting armour, see invisible, herbivore 3, speed 3, slow metabolism 2
a: Shadow Step, Renounce Religion


You were in the Dungeon.
You worshipped Dithmenos.
Dithmenos was pleased with you.
You were not hungry.

You visited 1 branch You collected 792 gold pieces.
You spent 375 gold pieces at shops.

Inventory:

Hand weapons
 a - a +1 dagger
 p - a +5 blowgun
 q - a +0 dagger of distortion
 u - a +0 shortbow (weapon)
Missiles
 r - 10 curare-tipped needles
 v - 28 arrows (quivered)
Armour
 b - a +1 robe
 l - a +1 robe of the Archmagi (worn)
Jewellery
 m - a ring of sustain attributes (left hand)
 n - an amulet of clarity (around neck)
Magical devices
 k - a wand of fireball (4)
Scrolls
 j - a scroll of blinking
 t - a scroll of identify {unknown}
Potions
 e - a potion of curing
 f - a potion of heal wounds
 g - a potion of haste
 h - 2 potions of magic
 i - 2 potions of berserk rage
 o - a potion of cancellation {unknown}
Books
 c - a book of Maledictions

   Spells                             Type                      Level
   a - Corona                         Hexes                        1
   b - Ensorcelled Hibernation        Hexes/Ice                    2
   c - Confuse                        Hexes                        3
   d - Tukima's Dance                 Hexes                        3
   e - Dazzling Spray                 Conjuration/Hexes            3
Comestibles
 d - a bread ration
 s - an inedible chunk of flesh


   Skills:
 * Level 11.0 Short Blades
 * Level 13.9 Dodging
 * Level 15.2 Stealth
 * Level 12.0 Spellcasting
 + Level 2.9 Conjurations
 + Level 9.3 Hexes
 + Level 5.5 Ice Magic
 + Level 4.0 Invocations


You had 20 spell levels left.
You knew the following spells:

 Your Spells              Type           Power        Failure   Level  Hunger
a - Corona                Hex            ######.      1%          1    None
b - Ensorcelled Hibernat  Hex/Ice        ######       1%          2    None
c - Confuse               Hex            ######..     1%          3    None
d - Tukima's Dance        Hex            ######..     1%          3    None
e - Dazzling Spray        Conj/Hex       #####...     1%          3    None


Dungeon Overview and Level Annotations

Branches:
Dungeon (1/1)

Altars:
Cheibriados
Dithmenos
Elyvilon
Fedhas
Gozag
Kikubaaqudgha
Makhleb
Nemelex Xobeh
Okawaru
Qazlal
Ru
Sif Muna
Trog
Vehumet
Xom
Yredelemnul
Zin
The Shining One
Jiyva

Shops:
D ?=[


Innate Abilities, Weirdness & Mutations

You are tiny and cannot use many weapons and most armour.
You have supernaturally acute eyesight.
You are a herbivore.
You cover ground extremely quickly.
You need consume almost no food.


Message History

Moving in this stuff is going to be slow.
You open the door.
There is an open door here.
There is an open door here.
Wield which item (- for none, * to show all)? (? for menu, Esc to quit)
u - a +0 shortbow (weapon)
You open the door. 2 giant spores come into view.
The giant spore waves its rhizomes.
A ballistomycete grows in the wake of the giant spore.
The giant spore explodes!
The explosion of spores engulfs the giant spore.
The giant spore explodes!
The explosion of spores engulfs the ballistomycete.
The explosion of spores engulfs you!
You feel momentarily confused.
Ouch! That really hurt!
* * * LOW HITPOINT WARNING * * *
The explosion of spores engulfs you!
You feel momentarily confused.
Ouch! That really hurt!
You die...

#..#__####..##.#§≈§§%#..#
#..#_..__##'#..'§≈§§.+§%#
#⌠⌠#_.∩..%'..._#≈≈§§)#..#
####_..._##_.#'##'#####'#
#_____###'#%#§..[###.+
############.####'###.###
#∩^.......'...'.....'(∩#
###++++####...##########
##@## #'#


!$P $($?$ ####### You could see an active ballistomycete.

Vanquished Creatures
  2 centaur warriors (D)
  Sonja (D)
  A deep troll (D)
  An oklob plant (D)
  A slime creature (D)
  Sigmund (D)
  A yak (D)
  An ogre (D)
  A wasp (D)
  A jelly (D)
  Ijyb (D)
12 creatures vanquished.

Vanquished Creatures (others)
  A gargoyle (D)
  A giant spore (D)
2 creatures vanquished.

Grand Total: 14 creatures vanquished

Notes
Turn   | Place    | Note
--------------------------------------------------------------
     0 | D        | Kidiri the Spriggan Enchanter began the quest for the Orb.
     0 | D        | Reached XP level 1. HP: 9/9 MP: 5/5
     2 | D        | Noticed Ijyb
    45 | D        | Killed Ijyb
    45 | D        | Reached skill level 6 in Stealth
    45 | D        | Reached XP level 2. HP: 4/13 MP: 5/8
    49 | D        | Learned a level 2 spell: Ensorcelled Hibernation
   147 | D        | Killed a gargoyle
   274 | D        | Noticed an ogre
   277 | D        | Killed an ogre
   277 | D        | Reached skill level 7 in Stealth
   277 | D        | Reached skill level 5 in Spellcasting
   277 | D        | Reached skill level 5 in Hexes
   277 | D        | Reached skill level 1 in Ice Magic
   277 | D        | Reached XP level 3. HP: 16/16 MP: 9/11
   277 | D        | Reached XP level 4. HP: 21/21 MP: 9/12
   290 | D        | Noticed Sigmund
   293 | D        | Killed Sigmund
   293 | D        | Reached skill level 8 in Dodging
   293 | D        | Reached skill level 9 in Stealth
   293 | D        | Reached XP level 5. HP: 24/24 MP: 10/15
   293 | D        | Reached XP level 6. HP: 28/28 MP: 11/17
   342 | D        | Found a snail-covered altar of Cheibriados.
   342 | D        | Found a viscous altar of Jiyva.
   342 | D        | Found a shadowy altar of Dithmenos.
   342 | D        | Found a blossoming altar of Fedhas.
   342 | D        | Noticed a slime creature
   345 | D        | Killed a slime creature
   345 | D        | Reached skill level 10 in Stealth
   363 | D        | Became a worshipper of Dithmenos the Shadowed
   369 | D        | Found a deep blue altar of Sif Muna.
   370 | D        | Noticed a jelly
   371 | D        | Found a radiant altar of Vehumet.
   378 | D        | Killed a jelly
   378 | D        | Reached skill level 10 in Dodging
   378 | D        | Reached skill level 11 in Stealth
   434 | D        | Found Dumeuty's Jewellery Emporium.
   434 | D        | Found a white marble altar of Elyvilon.
   434 | D        | Found a stormy altar of Qazlal.
   434 | D        | Found a burning altar of Makhleb.
   434 | D        | Found a sacrificial altar of Ru.
   434 | D        | Found a basalt altar of Yredelemnul.
   434 | D        | Found a glowing golden altar of the Shining One.
   434 | D        | Found a sparkling altar of Nemelex Xobeh.
   434 | D        | Found a shimmering altar of Xom.
   434 | D        | Found an opulent altar of Gozag.
   434 | D        | Found an ancient bone altar of Kikubaaqudgha.
   434 | D        | Found a glowing silver altar of Zin.
   434 | D        | Noticed a yak
   435 | D        | Found an iron altar of Okawaru.
   436 | D        | Killed a yak
   436 | D        | Reached XP level 7. HP: 32/32 MP: 20/20
   437 | D        | Found a bloodstained altar of Trog.
   442 | D        | Bought an uncursed ring of sustain attributes for 175 gold pieces
   442 | D        | Bought an uncursed amulet of clarity for 200 gold pieces
   451 | D        | Noticed Sonja
   456 | D        | Killed Sonja
   456 | D        | Reached skill level 12 in Stealth
   456 | D        | Reached skill level 10 in Spellcasting
   456 | D        | Reached XP level 8. HP: 36/36 MP: 19/23
   461 | D        | Learned a level 3 spell: Confuse
   465 | D        | Learned a level 3 spell: Tukima's Dance
   469 | D        | Learned a level 3 spell: Dazzling Spray
   497 | D        | Found Figgoiru's Magic Scroll Boutique.
   517 | D        | Noticed a deep troll
   521 | D        | Killed a deep troll
   521 | D        | Reached skill level 13 in Stealth
   521 | D        | Reached skill level 1 in Conjurations
   521 | D        | Reached skill level 1 in Invocations
   531 | D        | Found Unuunlint's Armour Emporium.
   557 | D        | Noticed a centaur warrior
   557 | D        | Noticed a centaur warrior
   559 | D        | Killed a centaur warrior
   559 | D        | Reached skill level 10 in Short Blades
   559 | D        | Reached skill level 14 in Stealth
   559 | D        | Reached skill level 5 in Ice Magic
   559 | D        | Reached XP level 9. HP: 39/39 MP: 23/25
   561 | D        | Killed a centaur warrior
   561 | D        | Acquired Dithmenos's first power
   574 | D        | Noticed a wasp
   577 | D        | Killed a wasp
   590 | D        | Noticed an oklob plant
   592 | D        | Killed an oklob plant
   592 | D        | Reached skill level 15 in Stealth
   623 | D        | Killed by an exploding giant spore

Vault maps used:
D:        dungeon_sprint_1

Action                   |  1- 3 |  4- 6 |  7- 9 || total
-------------------------+-------+-------+-------++-------
Melee: Dagger            |    39 |     4 |     6 ||    49
 Cast: Corona            |     4 |       |       ||     4
       Ensorcelled Hiber |       |     4 |     1 ||     5
 Stab: Sleeping          |     1 |     4 |     6 ||    11
